 Dungeon Crawl Stone Soup version 0.31-a0-278-g485e682e34 (webtiles) character file.

Game seed: 2653250300962474204

176980 MacCMillion the Brawler (level 17, -1/321 (343) HPs)
             Began as a Troll Shapeshifter on July 16, 2023.
             Was a High Priest of Trog.
             Slain by a jumping spider (4 damage)
             ... on level 4 of the Spider Nest.
             The game lasted 01:10:06 (33996 turns).

MacCMillion the Brawler (Troll Shapeshifter)       Turns: 33996, Time: 01:10:06

HP:   -1/321 (343)  AC: 11    Str: 38    XL:     17   Next: 52%
MP:   0/16          EV: 13    Int:  4    God:    Trog [*****.]
Gold: 3120          SH:  0    Dex: 10    Spells: 16/16 levels left

rFire   . .          .
                       - Unarmed
rCold   . . .        (shield currently unavailable)
rNeg    . . .        R - melded +0 acid dragon scales
rPois   +            H - melded +2 hat of the Circus Animal {rPois Int+3}
rElec   +            (cloak currently unavailable)
rCorr   .            (gloves unavailable)
SInv    +            (boots unavailable)
Will    +++..        F - amulet of guardian spirit Stlth
                     i - ring "Leco" {Fly rElec rPois SInv}
HPRegen 2.53/turn    G - +4 ring of slaying
MPRegen 0.15/turn

%: guardian spirit
@: berserking, snake-form, strong-willed, flying, regenerating, drained, very
quick
A: constrict, boosted hp, large, unfitting armour, (claws 3), regeneration 1,
(shaggy fur 1), (tough skin 1)
a: Begin Untransformation, Renounce Religion, Berserk, Trog's Hand, Brothers in
Arms


You were on level 4 of the Spider Nest.
You worshipped Trog.
Trog was extremely pleased with you.
You were an enormous anaconda.
You visited 5 branches of the dungeon, and saw 27 of its levels.
You also visited: Bailey, Gauntlet and Ice Cave.

You collected 3894 gold pieces.
You spent 774 gold pieces at shops.

Inventory:

Missiles
 M - 5 throwing nets
Armour
 H - the +2 hat of the Circus Animal (melded) {rPois Int+3}
   (You found it in a Gauntlet)

   Int:       It affects your intelligence (+3).
   rPois:     It protects you from poison.
 R - +0 acid dragon scales (melded)
Jewellery
 a - a ring of magical power
 i - the ring "Leco" (left hand) {Fly rElec rPois SInv}
   (You acquired it on level 2 of the Orcish Mines)

   [ring of flight]

   rElec:     It insulates you from electricity.
   rPois:     It protects you from poison.
   SInv:      It lets you see invisible.
   Fly:       It grants you flight.
 F - an amulet of guardian spirit (around neck)
 G - a +4 ring of slaying (right hand)
 L - a +4 ring of protection
 N - a ring of protection from fire
 T - a ring of ice
 U - the ring "Naiqup" {rCorr MP+9 Dex+3}
   (You found it on level 1 of the Lair of Beasts)

   [ring of magical power]

   Dex:       It affects your dexterity (+3).
   MP:        It affects your magic capacity (+9).
   rCorr:     It protects you from acid and corrosion.
 W - a ring of positive energy
Talismans
 y - a serpent talisman
Wands
 h - a wand of mindburst (8)
 o - a wand of flame (63)
 B - a wand of charming (27)
 D - a wand of acid (1)
 J - a wand of iceblast (21)
 K - a wand of digging (8)
Scrolls
 c - a scroll of poison
 e - a scroll of enchant weapon
 l - 9 scrolls of teleportation
 m - 7 scrolls of vulnerability
 n - 3 scrolls of revelation
 q - 3 scrolls of fear
 t - 5 scrolls of blinking
 v - 2 scrolls of amnesia
 w - a scroll of torment
 z - 2 scrolls of fog
 E - 4 scrolls of noise
 O - 2 scrolls of brand weapon
 P - 5 scrolls of enchant armour
 Q - 7 scrolls of immolation
 V - a scroll of silence
 Y - 5 scrolls of identify
Potions
 b - 6 potions of lignification
 d - 2 potions of resistance
 f - 6 potions of curing
 g - 4 potions of invisibility
 j - 4 potions of enlightenment
 k - 6 potions of attraction
 p - 2 potions of heal wounds
 s - 6 potions of haste
 u - 3 potions of brilliance
 x - 5 potions of degeneration
 A - 2 potions of cancellation
 I - 4 potions of might
 S - 3 potions of berserk rage
 X - 2 potions of mutation
Miscellaneous
 r - a box of beasts
 C - a phantom mirror
 Z - a lightning rod (4/4)


   Skills:
 + Level 17.3 Fighting
 - Level 11.0 Dodging
 - Level 20.0 Unarmed Combat
 + Level 5.3 Evocations
 - Level 15.0 Shapeshifting


You had 16 spell levels left.
You didn't know any spells.
Your spell library contained the following spells:

 Spells                   Type           Power      Damage    Failure   Level
 Blink                    Tloc           0%         N/A       65%         2
 Lesser Beckoning         Tloc           0%         N/A       65%         2
 Momentum Strike          Conj/Tloc      0%         3d8       65%         2
 Poisonous Vapours        Pois/Air       0%         N/A       65%         2
 Mephitic Cloud           Conj/Pois/Air  0%         N/A       86%         3
 Tukima's Dance           Hex            0%         N/A       86%         3
 Vhi's Electric Charge    Tloc/Air       0%         N/A       86%         3
 Volatile Blastmotes      Fire/Tloc      0%         2d10      86%         3
 Fulminant Prism          Conj/Hex       0%         3d5       99%         4
 Iskenderun's Mystic Bla  Conj/Tloc      0%         2d3       99%         4
 Passage of Golubria      Tloc           0%         N/A       99%         4
 Arcjolt                  Conj/Air       0%         1d10      100%        5
 Freezing Cloud           Conj/Ice/Air   0%         6-21      100%        5
 Yara's Violent Unravell  Hex/Tmut       0%         3d3       100%        5
 Maxwell's Capacitive Co  Air            0%         ∞         100%        8


Dungeon Overview and Level Annotations

Branches:
Dungeon (15/15)            Temple (1/1) D:5            Lair (5/5) D:8
 Shoals (0/4) Lair:2       Spider (4/4) Lair:3        Slime (0/5) Lair:5
    Orc (2/2) D:12            Elf (0/3) Orc:2        Vaults (0/5) D:14
 Depths (0/4) D:15         Bailey (visited)           IceCv (visited)
Gauntlet (visited)

Altars:
Ashenzari
Cheibriados
Dithmenos
Elyvilon
Fedhas
Gozag
Hepliaklqana
Kikubaaqudgha
Makhleb
Nemelex Xobeh
Okawaru
Qazlal
Ru
Sif Muna
Trog
Uskayaw
Vehumet
Wu Jian
Xom
Yredelemnul
Zin
The Shining One
Jiyva

Shops:
D:11 (   D:12 !   Orc:2 *[?[

Annotations:
D:13 1 runed translucent door, Ziutalyll's ghost, journeyman MiHu
Lair:5 2 runed translucent doors
Spider:2 2 transporters, tensugalgo's ghost, adept AtFi


Innate Abilities, Weirdness & Mutations

You are an enormous anaconda.
You have a powerful constriction melee attack.
Your maximum health is increased.
Your armour is entirely melded.
You are incapable of wielding weapons or throwing items.
You are too large for most types of armour.
((You have claws for hands.))
Your natural rate of healing is unusually fast.
((You are covered in fur. (AC +1)))
((You have tough skin. (AC +1)))


Message History

The moth of wrath bites you but does no damage.
The jumping spider pounces on you!
* * * LOW HITPOINT WARNING * * *
You are caught in a web!
The jumping spider bites you but does no damage.
The moth of wrath closely misses you.
Unknown command.
You feel much better.
You constrict the jumping spider. The jumping spider pounces on you!
* * * LOW HITPOINT WARNING * * *
The jumping spider closely misses you. The jumping spider pounces on you!
* * * LOW HITPOINT WARNING * * *
You are even more entangled.
The jumping spider closely misses you. The moth of wrath bites you!
* * * LOW HITPOINT WARNING * * *
The moth of wrath infuriates you!
A red film seems to cover your vision as you go berserk!
You feel yourself moving faster!
You feel mighty!
The jumping spider pounces on you but does no damage.
The jumping spider bites you.
* * * LOW HITPOINT WARNING * * *
Unknown command.
You struggle to detach yourself from the web.
You constrict the jumping spider. The jumping spider pounces on you.
* * * LOW HITPOINT WARNING * * *
You are even more entangled.
The jumping spider bites you.
* * * LOW HITPOINT WARNING * * *
Your deep troll rages.
The moth of wrath bites you.
* * * LOW HITPOINT WARNING * * *
Unknown command.
Unknown command.
You are too berserk!
You are too berserk!
The web tears apart.
You feel a strong urge to attack something.
You constrict the jumping spider. The jumping spider closely misses you.
The jumping spider bites you but does no damage.
The jumping spider pounces on you.
You die...

#...
#..##
#...#
#...#
#...#
#...###
#ys...#
#S#
#TH..~~#
#.^^~~~~~
######~~~
~~


You could see a jorogumo, a moth of wrath (ally target), a jumping spider
(berserk, soul bound) and a friendly deep troll (summoned, berserk, drained).

Vanquished Creatures
  Arachne (Spider:2)
  Mlioglotl (Spider:1)
  Asterion (Spider:1)
  Frances (D:14)
  2 tengu reavers (D:15)
  Kirke (D:15)
  Aizul (Spider:1)
  A fire giant (D:15)
  4 ghost moths
  A war gargoyle (D:15)
  A stone giant (D:15)
  A minotaur (Gauntlet)
  2 spark wasps
  2 yaktaur captains (D:15)
  3 fire dragons (D:15)
  4 entropy weavers
  Fannar (D:11)
  8 vault guards
  A catoblepas (Lair:3)
  Harold (Lair:1)
  A rakshasa (D:15)
  Erolcha (D:11)
  10 hydras
  3 ogre magi (D:15)
  A radroach (Spider:2)
  Erica (D:11)
  4 two-headed ogres
  13 boulder beetles
  5 tengu warriors
  A death knight (D:15)
  6 centaur warriors
  A death yak (D:8)
  An orc high priest (D:15)
  6 demonic crawlers
  A deep elf knight (D:15)
  Nergalle (Lair:1)
  A fire crab (shapeshifter) (D:13)
  Sonja (D:11)
  7 pharaoh ants
  A sixfirhy (Gauntlet)
  3 skeletal warriors (D:12)
  6 orb spiders
  A sun moth (Spider:1)
  2 deep elf archers (D:15)
  A wizard (D:14)
  15 orc knights
  4 deep elf pyromancers
  A lindwurm (Lair:5)
  8 steelbarb worms
  A deep elf zephyrmancer (D:15)
  2 orc sorcerers
  11 ugly things
  13 wolf spiders
  7 cyclopes
  8 manticores
  2 moths of wrath
  15 elephants
  A merfolk siren (Lair:2)
  A black mamba (shapeshifter) (D:14)
  2 molten gargoyles (Lair:5)
  6 black mambas
  3 ice statues (IceCv)
  16 cane toads
  2 rime drakes (Lair:2)
  2 torpor snails (Lair:3)
  2 unseen horrors (D:10)
  17 komodo dragons
  3 freezing wraiths
  2 yaktaurs (D:15)
  2 minotaur zombies (Gauntlet)
  2 tengu conjurers
  A kobold demonologist (D:9)
  2 ice devils (Lair:3)
  A troll (shapeshifter) (D:15)
  3 meliai (D:15)
  6 trolls
  A tyrant leech (Gauntlet)
  A hornet (D:7)
  4 polar bears
  21 tarantellas
  Grinder (D:3)
  11 blink frogs
  A dream sheep (shapeshifter) (D:15)
  2 tarantella zombies (Spider:4)
  Sigmund (D:5)
  22 slime creatures
  25 jumping spiders
  2 centaur simulacra
  2 shadows (D:11)
  20 culicivoras
  3 wraiths
  31 yaks
  A spriggan (shapeshifter) (D:15)
  2 humans (D:10)
  A vampire (D:12)
  6 wyverns
  3 steam dragons
  12 basilisks
  Grum (D:11)
  A death yak simulacrum (IceCv)
  50 redbacks
  4 vampire mosquitoes
  4 swamp worms (Gauntlet)
  Menkaure (D:6)
  Edmund (D:6)
  2 harpy simulacra
  11 water moccasins
  5 wargs (Orc:2)
  2 hydra simulacra
  4 acid dragons
  4 hell hounds (Lair:5)
  4 black bears
  36 orc warriors
  An ogre (Orc:1)
  12 wolves
  2 sky beasts
  8 centaurs
  4 kobold brigands
  A phantom (D:4)
  22 bullfrogs
  5 gnoll sergeants
  2 scorpions
  2 cane toad simulacra (IceCv)
  4 wights (D:8)
  2 hornet simulacra
  2 elephant simulacra (IceCv)
  13 killer bees
  3 howler monkeys
  2 vampire bats (D:3)
  4 electric eels
  4 jellies (D:6)
  5 lava snakes (Lair:5)
  4 crimson imps (D:10)
  5 hounds
  12 orc priests
  A gnoll bouda (D:5)
  A sleepcap (D:5)
  Ijyb (D:3)
  5 iguanas
  10 orc wizards
  6 hell rats (Lair:1)
  16 gnolls
  7 adders
  A shadow imp (D:7)
  2 white imps (D:6)
  6 ufetubi
  73 orcs
  5 endoplasms
  A giant cockroach (D:4)
  8 goblins
  6 hobgoblins
  7 jackals
  27 kobolds
  2 quokkas
  12 ball pythons
  11 bats
  4 frilled lizards
  7 rats
919 creatures vanquished.

Vanquished Creatures (collateral kills)
  A steelbarb worm (Spider:4)
  A wolf spider (Spider:4)
2 creatures vanquished.

Vanquished Creatures (others)
  A tengu conjurer (D:15)
  A slime creature (D:13)
  4 humans (D:15)
  A redback (Spider:4)
7 creatures vanquished.

Grand Total: 928 creatures vanquished

Notes
Turn   | Place    | Note
-------+----------+-------------------------------------------
     0 | D:1      | MacCMillion the Troll Shapeshifter began the quest for the
                  | Orb.
     0 | D:1      | Reached XP level 1. HP: 19/19 MP: 0/0
   435 | D:1      | Reached XP level 2. HP: 27/27 MP: 1/1
  1134 | D:2      | Reached skill level 3 in Unarmed Combat
  1351 | D:2      | Reached XP level 3. HP: 33/33 MP: 2/2
  1680 | D:3      | Noticed Grinder
  1680 | D:3      | Found a shadowy altar of Dithmenos.
  1688 | D:3      | Killed Grinder
  1689 | D:3      | Reached skill level 6 in Unarmed Combat
  1689 | D:3      | Reached XP level 4. HP: 21/41 MP: 3/3
  1689 | D:3      | Reached XP level 5. HP: 25/48 MP: 4/4
  1703 | D:3      | Noticed Ijyb
  1712 | D:3      | Killed Ijyb
  2069 | D:3      | Reached XP level 6. HP: 55/55 MP: 5/5
  2130 | D:3      | Found a blossoming altar of Fedhas.
  2220 | D:3      | Found a sacrificial altar of Ru.
  2478 | D:4      | Reached skill level 7 in Unarmed Combat
  2641 | D:4      | Found a glowing silver altar of Zin.
  2735 | D:4      | Found an opulent altar of Gozag.
  2882 | D:4      | Found a glowing silver altar of Zin.
  2882 | D:4      | Noticed an angel
  2999 | D:5      | Entered Level 5 of the Dungeon
  3109 | D:5      | Reached XP level 7. HP: 62/62 MP: 6/6
  3184 | D:5      | Reached skill level 8 in Unarmed Combat
  3434 | D:5      | Found a staircase to the Ecumenical Temple.
  3445 | D:5      | Noticed Sigmund
  3453 | Temple   | Entered the Ecumenical Temple
  3573 | Temple   | Became a worshipper of Trog the Wrathful
  3865 | D:5      | Killed Sigmund
  3866 | D:5      | Reached skill level 9 in Unarmed Combat
  4140 | D:5      | Reached XP level 8. HP: 70/70 MP: 7/7
  4508 | D:6      | Reached skill level 10 in Unarmed Combat
  4684 | D:6      | Noticed a manticore
  4696 | D:6      | Killed a manticore
  4697 | D:6      | Reached skill level 5 in Shapeshifting
  4754 | D:6      | Reached XP level 9. HP: 57/80 MP: 8/8
  4873 | D:6      | Noticed Edmund
  4888 | D:6      | Killed Edmund
  5161 | D:6      | Found an ancient bone altar of Kikubaaqudgha.
  5161 | D:6      | Noticed Menkaure
  5166 | D:6      | Killed Menkaure
  5297 | D:6      | Identified 2 scrolls of acquirement
  5436 | D:6      | Acquired a manual of Dodging
  5438 | D:6      | Acquired a manual of Shapeshifting
  5617 | D:6      | Reached * piety under Trog
  5756 | D:7      | Found a basalt altar of Yredelemnul.
  5842 | D:7      | Found a hazy altar of Hepliaklqana.
  6327 | D:8      | Noticed an elephant
  6337 | D:8      | Noticed a death yak
  6339 | D:8      | Killed an elephant
  6359 | D:8      | Killed a death yak
  6360 | D:8      | Reached skill level 5 in Fighting
  6360 | D:8      | Reached XP level 10. HP: 63/96 MP: 5/9
  6367 | D:8      | Reached skill level 10 in Shapeshifting
  6409 | D:8      | Found a staircase to the Lair.
  6422 | D:8      | Found a flagged portal.
  6426 | D:8      | Reached ** piety under Trog
  6432 | Bailey   | Entered a bailey
  6519 | Bailey   | Found a large runed translucent door.
  6519 | Bailey   | Found a large runed translucent door.
  6519 | Bailey   | Noticed an orc knight
  6541 | Bailey   | Killed an orc knight
  6698 | Bailey   | Noticed a deep elf pyromancer
  6699 | Bailey   | Found the +8 mithril axe "Arga" {speed, Will+}
  6712 | Bailey   | Killed a deep elf pyromancer
  8019 | D:9      | Reached *** piety under Trog
  8073 | D:9      | Found a shimmering blue altar of Sif Muna.
  8404 | D:10     | Entered Level 10 of the Dungeon
  8449 | D:10     | Noticed a two-headed ogre
  8456 | D:10     | Killed a two-headed ogre
  8457 | D:10     | Reached XP level 11. HP: 110/110 MP: 7/10
  8507 | D:10     | Found a broken altar of Ashenzari.
  8872 | D:10     | Found an iron altar of Okawaru.
  8949 | D:10     | Found a shimmering altar of Xom.
  9000 | D:10     | Found a stormy altar of Qazlal.
  9358 | D:10     | Reached **** piety under Trog
  9392 | D:11     | You fall into a shaft and drop 2 floors!
  9401 | D:12     | Noticed a two-headed ogre
  9411 | D:12     | Killed a two-headed ogre
  9412 | D:12     | Reached skill level 10 in Fighting
  9444 | D:12     | Noticed a boulder beetle
  9451 | D:12     | Killed a boulder beetle
  9456 | D:12     | Reached skill level 5 in Dodging
  9710 | D:11     | Noticed Erolcha
  9716 | D:11     | Killed Erolcha
  9745 | D:11     | Noticed Sonja
  9756 | D:11     | Killed Sonja
  9926 | D:11     | Noticed Erica
  9933 | D:11     | Killed Erica
  9934 | D:11     | Reached XP level 12. HP: 126/126 MP: 9/11
  9992 | D:11     | Found Dir Qie's Weapon Emporium.
 10021 | D:11     | Noticed Fannar
 10022 | D:11     | Noticed Grum
 10033 | D:11     | Killed Grum
 10039 | D:11     | Killed Fannar
 10599 | Lair:1   | Entered Level 1 of the Lair of Beasts
 10766 | Lair:1   | Noticed Nergalle
 10770 | Lair:1   | Killed Nergalle
 10942 | Lair:1   | Identified the ring "Naiqup" {rCorr MP+9 Dex+3}
 11037 | Lair:1   | Noticed Harold
 11045 | Lair:1   | Killed Harold
 11203 | Lair:1   | Reached ***** piety under Trog
 11245 | Lair:1   | Reached skill level 11 in Unarmed Combat
 11731 | Lair:2   | Received a gift from Trog
 11773 | Lair:2   | Found a staircase to the Shoals.
 12023 | Lair:2   | Noticed a seven-headed hydra
 12061 | Lair:2   | Killed a seven-headed hydra
 12489 | Lair:3   | Reached XP level 13. HP: 137/137 MP: 9/12
 12511 | Lair:3   | Found a hole to the Spider Nest.
 12641 | Lair:3   | Found a frozen archway.
 12664 | IceCv    | Entered an ice cave
 13020 | IceCv    | Reached skill level 12 in Unarmed Combat
 13163 | IceCv    | Identified the +9 arbalest of Subterfuge {antimagic, Str+4
                  | Dex+2}
 13282 | Lair:3   | Identified the +5 morningstar "Ryvy" {pain, rC- rCorr Str+8
                  | Int-3}
 15161 | Lair:4   | Received a gift from Trog
 15477 | Lair:4   | Reached skill level 13 in Unarmed Combat
 15899 | Lair:4   | Reached XP level 14. HP: 150/150 MP: 10/13
 16342 | Lair:5   | Entered Level 5 of the Lair of Beasts
 16514 | Lair:5   | Found a viscous altar of Jiyva.
 16514 | Lair:5   | Found a staircase to the Slime Pits.
 17253 | Lair:5   | Reached skill level 15 in Shapeshifting
 17731 | Lair:5   | Found a large runed translucent door.
 17737 | Lair:5   | Received a gift from Trog
 18523 | Lair:5   | Reached skill level 14 in Unarmed Combat
 18530 | Lair:5   | Found a large runed translucent door.
 19076 | D:12     | Found Yxtepla's Distillery.
 19088 | D:12     | Bought a potion of cancellation for 104 gold pieces
 19268 | D:12     | Found a staircase to the Orcish Mines.
 19325 | D:12     | Found a sparkling altar of Nemelex Xobeh.
 19816 | Orc:1    | Entered Level 1 of the Orcish Mines
 19932 | Orc:2    | Entered Level 2 of the Orcish Mines
 20403 | Orc:2    | Found Nigykada's General Store.
 20403 | Orc:2    | Found Wucidum's Armour Shoppe.
 20435 | Orc:2    | Bought a scroll of teleportation for 33 gold pieces
 20543 | Orc:2    | Found a staircase to the Elven Halls.
 20747 | Orc:2    | Found Onut's Magic Scroll Shop.
 20759 | Orc:2    | Found Seuppuz's Antique Armour Shoppe.
 20849 | Orc:2    | Bought a scroll of acquirement for 572 gold pieces
 20849 | Orc:2    | Acquired the ring "Leco" {Fly rElec rPois SInv}
 21753 | D:13     | Reached XP level 15. HP: 161/161 MP: 12/14
 22430 | D:13     | Found a runed translucent door.
 22430 | D:13     | Noticed Ziutalyll's ghost (journeyman MiHu)
 22534 | D:13     | Reached skill level 10 in Dodging
 22984 | D:14     | Found a glowing golden altar of the Shining One.
 23006 | D:14     | Noticed Frances
 23014 | D:14     | Killed Frances
 23017 | D:14     | Found a broken altar of Ashenzari.
 23023 | D:14     | Reached skill level 15 in Unarmed Combat
 23089 | D:14     | Found a gate leading to a gauntlet.
 23096 | Gauntlet | Entered a Gauntlet
 23096 | Gauntlet | Found a large runed translucent door.
 23096 | Gauntlet | Found a large runed translucent door.
 23096 | Gauntlet | Found a large runed translucent door.
 23096 | Gauntlet | Found a large runed translucent door.
 23096 | Gauntlet | Found a large runed translucent door.
 23096 | Gauntlet | Found a large runed translucent door.
 23096 | Gauntlet | Found a runed translucent door.
 23096 | Gauntlet | Found a transporter.
 23096 | Gauntlet | Found a transporter.
 23096 | Gauntlet | Found a runed translucent door.
 23096 | Gauntlet | Found a large runed translucent door.
 23096 | Gauntlet | Found a large runed translucent door.
 23096 | Gauntlet | Found a large runed translucent door.
 23096 | Gauntlet | Found a large runed translucent door.
 23096 | Gauntlet | Found a large runed translucent door.
 23096 | Gauntlet | Found a large runed translucent door.
 23117 | Gauntlet | Found a transporter.
 23117 | Gauntlet | Found a transporter.
 23118 | Gauntlet | Found a large runed translucent door.
 23118 | Gauntlet | Found a large runed translucent door.
 23118 | Gauntlet | Found a large runed translucent door.
 23118 | Gauntlet | Found a large runed translucent door.
 23122 | Gauntlet | Found a runed translucent gate.
 23122 | Gauntlet | Found a runed translucent gate.
 23122 | Gauntlet | Found a runed translucent gate.
 23127 | Gauntlet | Found a transporter.
 23137 | Gauntlet | Found a transporter.
 23140 | Gauntlet | Found a transporter.
 23161 | Gauntlet | Found a transporter.
 23170 | Gauntlet | Found a transporter.
 23184 | Gauntlet | Found a transporter.
 23202 | Gauntlet | Found a transporter.
 23224 | Gauntlet | Found a transporter.
 23270 | Gauntlet | Found a transporter.
 23284 | Gauntlet | Found a transporter.
 23386 | Gauntlet | Found a transporter.
 23402 | Gauntlet | Found a transporter.
 23623 | Gauntlet | Acquired a manual of Unarmed Combat
 23626 | Gauntlet | Identified the +2 hat of the Circus Animal {rPois Int+3}
 24001 | D:14     | Identified the +0 robe of the Riding Gods {Stlth+}
 24061 | D:14     | Found a gate to the Vaults.
 24584 | D:15     | Entered Level 15 of the Dungeon
 24594 | D:15     | Received a gift from Trog
 24844 | D:15     | Found a burning altar of Makhleb.
 24845 | D:15     | Found a hazy altar of Hepliaklqana.
 24846 | D:15     | Found a shimmering altar of Xom.
 24860 | D:15     | Reached skill level 15 in Fighting
 24962 | D:15     | Reached skill level 1 in Evocations
 25305 | D:15     | Found a staircase to the Depths.
 25835 | D:15     | Noticed Kirke
 25841 | D:15     | Killed Kirke
 25961 | D:15     | Reached XP level 16. HP: 176/176 MP: 13/15
 25985 | D:15     | Received a gift from Trog
 25989 | D:15     | Reached skill level 16 in Unarmed Combat
 26503 | D:15     | Noticed a tengu reaver
 26518 | D:15     | Killed a tengu reaver
 26625 | D:15     | Identified the staff of Outrage {rN+ Earth}
 26803 | D:15     | Reached skill level 17 in Unarmed Combat
 26856 | D:15     | Acquired 775 gold pieces
 26900 | D:15     | Noticed a tengu reaver
 26907 | D:15     | Killed a tengu reaver
 27104 | D:15     | Found a hazy altar of Hepliaklqana.
 27108 | D:15     | Found a burning altar of Makhleb.
 27113 | D:15     | Found a shimmering altar of Xom.
 27597 | D:15     | Found a staircase to the Depths.
 27939 | Spider:1 | Entered Level 1 of the Spider Nest
 28090 | D:12     | Bought a potion of heal wounds for 65 gold pieces
 28376 | Spider:1 | Noticed Aizul
 28390 | Spider:1 | Killed Aizul
 28888 | Spider:1 | Noticed Mlioglotl
 28904 | Spider:1 | Noticed a dread lich
 28910 | Spider:1 | Killed Mlioglotl
 29399 | Spider:1 | Received a gift from Trog
 29403 | Spider:1 | Reached skill level 18 in Unarmed Combat
 29450 | Spider:1 | Noticed Asterion
 29459 | Spider:1 | Killed Asterion
 30929 | Spider:2 | Noticed Arachne
 30942 | Spider:2 | Killed Arachne
 31228 | Spider:2 | Reached skill level 19 in Unarmed Combat
 31230 | Spider:2 | Received a gift from Trog
 31375 | Spider:2 | Found a transporter.
 31375 | Spider:2 | Noticed tensugalgo's ghost (adept AtFi)
 31402 | Spider:2 | Reached XP level 17. HP: 176/189 MP: 12/16
 31584 | Spider:2 | Found a transporter.
 32733 | Spider:3 | Reached skill level 20 in Unarmed Combat
 33396 | Spider:4 | Entered Level 4 of the Spider Nest
 33811 | Spider:4 | Reached skill level 5 in Evocations
 33994 | Spider:4 | HP: 8/214 [moth of wrath (15)]
 33995 | Spider:4 | HP: 3/321 [jumping spider (3)]
 33995 | Spider:4 | HP: 1/321 [moth of wrath (2)]
 33996 | Spider:4 | Slain by a jumping spider

Illustrated notes

Levels and vault maps discovered:
D:1:      dpeg_arrival_tiny_a, layout_basic, chequers_serial_rivers_small_b
D:2:      minmay_door_path, layout_rooms, serial_aquarium,
          aquarium_bridge_straight [aquarium_subvault_bridge,
          aquarium_subvault_window, aquarium_subvault_bridge,
          aquarium_subvault_balcony], aquarium_window_fake,
          aquarium_window_fake, aquarium_window_2, aquarium_window_1,
          aquarium_view_2e
D:3:      layout_loops_ring, nicolae_dithmenos_the_darkroom, fedhas_altar_2,
          nicolae_ru_path_of_blood, roderic_batcave, uniq_ijyb, uniq_grinder
D:4:      layout_cave_pools, zin_angel, nicolae_gozag_seed_capital, serial_park,
          serial_park_tiny_pond, serial_park_square3
          [serial_park_minivault_5x5_8], serial_park_gazebo
          [serial_park_minivault_5x5_4]
D:5:      layout_loops_cross, minmay_temple_entry_statues_fountains,
          kennysheep_generic_room_3, uniq_sigmund
D:6:      kennysheep_big_flooded_room, layout_rooms, lemuel_tele_altar,
          minmay_quadrilaterals, uniq_menkaure, uniq_edmund
D:7:      layout_basic, mainiacjoe_overflow_tiny_flanked,
          yredelemnul_altar_generic, minmay_door_square, corner_web_ring
D:8:      layout_basic, david_lair_generic, enter_bailey_3,
          minmay_misc_feat_tiny
D:9:      layout_rooms, nicolae_sif_muna_little_library, nicolae_two_hexagons
D:10:     cheibrodos_barr_body, layout_basic, amcnicky_altar_gilded,
          lemuel_crystal_altar, led_xom_imps, okawaru_humans
D:11:     layout_gridville, serial_shops, shop, uniq_grum, uniq_erica,
          uniq_sonja, uniq_erolcha, uniq_fannar
D:12:     layout_roguey, orc_0_dummy, serial_shops,
          nicolae_shop_tiny_waterfront, grunt_decor_mini_mirrors,
          hangedman_decor_points, nemelex_lonely_heart_becter
D:13:     layout_stronghold, gammafunk_ghost_grave, minivault_25_ag,
          serial_bayou_ford_a
D:14:     layout_loops_cross, erik_vaults_2, evilmike_ruin_ashenzari,
          gauntlet_entry_generic, minmay_crystal_room, tso_oasis_becter,
          uniq_frances
D:15:     hangedman_slaughterboxes, serial_shops, uniq_kirke
Temple:   hellmonk_temple_beads
Lair:1:   layout_loops_ring, serial_bayou_shore_b, uniq_nergalle, uniq_harold
Lair:2:   layout_hall_layers, minmay_shoals_entry_lonely_mermaid,
          infiniplex_staircase_pool
Lair:3:   nzn_winding_woodlands_stair_trap [nzn_winding_woodlands_5x15_parted,
          nzn_winding_woodlands_5x15_longhouse,
          nzn_winding_woodlands_5x15_zeroes,
          nzn_winding_woodlands_15x15_boxy_spiral,
          nzn_winding_woodlands_5x15_twine, nzn_winding_woodlands_5x15_pool,
          nzn_winding_woodlands_5x15_pockets], layout_misc_corridors,
          nicolae_spider_entry_tight_spaces, portal_ice_cave_demonic_guard
Lair:4:   layout_long_grid
Lair:5:   cheibrodos_lair_end_hotspot, layout_gridlike,
          dpeg_slime_entry_enclosed, patterned_corridor, serial_bayou_shore_b
Spider:1: layout_chambers, uniq_mlioglotl, uniq_aizul, uniq_asterion
Spider:2: layout_chambers, gammafunk_ghost_mausoleum, uniq_arachne
Spider:3: layout_spider_delve
Spider:4: floodkiller_spider_rune_tomb
Orc:1:    layout_diamond_mine
Orc:2:    st_orc_town, layout_caves, mines2_lemuel

Skill      XL: |  1  2  3  4  5  6  7  8  9 10 11 12 13 14 15 16 17 |
---------------+----------------------------------------------------+-----
Unarmed Combat | 3 6 7 9 10 11 13 14 15 19 20 | 20.0
Fighting       | 2 5 7 10 11 12 13 15 16 17 | 17.3
Shapeshifting  | 5 9 12 13 14 15 | 15.0
Dodging        | 6 8 9 11 | 11.0
Evocations     | 2 4 5 |  5.3

Action                     |  1- 3 |  4- 6 |  7- 9 | 10-12 | 13-15 | 16-18 || total
---------------------------+-------+-------+-------+-------+-------+-------++-------
  Melee: Unarmed           |    62 |    94 |   192 |   419 |   929 |   506 ||  2202
         Punch             |     1 |     3 |     8 |       |       |       ||    12
         Constrict         |       |       |     9 |    99 |   191 |   110 ||   409
 Invoke: Berserk           |       |       |       |     2 |     8 |     2 ||    12
         Trog's Hand       |       |       |       |       |     6 |     4 ||    10
         Brothers in Arms  |       |       |       |       |     1 |     2 ||     3
Ability: Begin Untransform |       |       |       |       |     1 |       ||     1
  Evoke: Wand              |       |       |       |     6 |     6 |       ||    12
    Use: Scroll            |       |       |    11 |    10 |    15 |     2 ||    38
         Potion            |       |       |       |     2 |     3 |     2 ||     7
   Stab: Sleeping          |       |       |     1 |       |       |     1 ||     2
         Distracted        |       |       |       |       |       |     1 ||     1
 Armour: Animal skin       |    17 |    46 |    27 |       |       |       ||    90
         Skin              |       |       |    19 |   130 |   271 |   143 ||   563
  Dodge: Dodged            |    24 |    54 |    77 |   149 |   449 |   250 ||  1003
   Form: Anaconda          |       |       |     1 |       |     1 |       ||     2

Table legend: (Time is in decaauts)
 A = Elapsed time spent in this place.
 B = Non-inter-level travel time spent in this place.
 C = Inter-level travel time spent in this place.
 D = Time resting spent in this place.
 E = Time spent auto-exploring this place.
 F = Levels seen in this place.
 G = Mean time per level.
                   A        B        C        D        E       F      G
               +--------+--------+--------+--------+--------+-----+--------+
         Total |  33658 |  31855 |   1803 |   8460 |  16995 |  30 | 1121.9 |
       Dungeon |  16708 |  15684 |   1024 |   2942 |   9888 |  15 | 1113.9 |
        Temple |    394 |    383 |     11 |    243 |     88 |   1 |  394.0 |
          Lair |   7726 |   7119 |    607 |   2378 |   3273 |   5 | 1545.2 |
   Spider Nest |   5654 |   5618 |     36 |   2096 |   2503 |   4 | 1413.5 |
  Orcish Mines |   1513 |   1388 |    125 |    240 |    789 |   2 |  756.5 |
        Bailey |    370 |    370 |      0 |    140 |     56 |   1 |  370.0 |
      Ice Cave |    540 |    540 |      0 |    363 |     15 |   1 |  540.0 |
      Gauntlet |    751 |    751 |      0 |     55 |    383 |   1 |  751.0 |
               +--------+--------+--------+--------+--------+-----+--------+

Top non-repeatable levels by time:
    D:15: 2910 daAuts
  Lair:3: 2403 daAuts
  Lair:5: 2385 daAuts
Spider:1: 2367 daAuts
Spider:2: 1747 daAuts
    D:13: 1609 daAuts
     D:8: 1395 daAuts
     D:5: 1223 daAuts
Spider:3: 1218 daAuts
    D:10: 1164 daAuts
  Lair:4: 1117 daAuts
    D:14: 1049 daAuts
    D:11: 1042 daAuts
    D:12: 1005 daAuts
     D:6: 988 daAuts
